 Dungeon Crawl Stone Soup version 0.31-a0-636-ge1c0e020e0 (webtiles) character file.

Game seed: 13525937359249521422

5973 Twinkles the Fighter (level 10, -17/139 HPs)
             Began as a Minotaur Berserker on Aug 27, 2023.
             Was a High Priest of Trog.
             Demolished by a white ugly thing (29 damage)
             ... on level 8 of the Dungeon.
             The game lasted 00:09:33 (6350 turns).

Twinkles the Fighter (Minotaur Berserker)           Turns: 6350, Time: 00:09:34

Health: -17/139    AC: 17    Str: 26    XL:     10   Next: 55%
Magic:  9/9        EV: 15    Int:  4    God:    Trog [*****.]
Gold:   564        SH:  0    Dex: 16    Spells: 9/9 levels left

rFire   . . .        a - +0 war axe
rCold   . . .        (no shield)
rNeg    . . .        n - +0 scale mail
rPois   .            (helmet restricted)
rElec   .            m - +0 cloak
rCorr   .            h - +0 pair of gloves
SInv    .            C - +0 pair of boots
Will    .....        (no amulet) Stlth
                     t - +6 ring of dexterity
HPRegen 0.43/turn    r - +4 ring of protection
MPRegen 0.11/turn

%: no passive effects
@: berserking (expiring), very quick
A: horns 2, retaliatory headbutt
a: Renounce Religion, Berserk, Trog's Hand, Brothers in Arms


You were on level 8 of the Dungeon.
You worshipped Trog.
Trog was extremely pleased with you.
You visited 2 branches of the dungeon, and saw 9 of its levels.
You also visited: Ossuary.

You collected 564 gold pieces.

Inventory:

Hand Weapons
 a - a +0 war axe (weapon)
 b - a +1 whip of venom
 z - the +3 rapier "Pucemeal" {heavy, rF++ Dex+4}
   (You found it on level 4 of the Dungeon)

   Dex+4:     It affects your dexterity (+4).
   rF++:      It greatly protects you from fire.
Missiles
 B - a throwing net
 J - a curare-tipped dart
 K - 3 javelins
Armour
 g - a +0 ring mail
 h - a +0 pair of gloves (worn)
 m - a +0 cloak (worn)
 n - a +0 scale mail (worn)
 y - a +0 animal skin
 C - a +0 pair of boots (worn)
Jewellery
 r - a +4 ring of protection (right hand)
 t - a +6 ring of dexterity (left hand)
 L - a ring of flight
 M - a ring of protection from fire
Wands
 d - a wand of digging (5)
 i - a wand of iceblast (8)
 j - a wand of polymorph (4)
 q - a wand of flame (57)
Scrolls
 e - 2 scrolls of fog {unknown}
 f - 2 scrolls of noise {unknown}
 k - a scroll of blinking {unknown}
 l - a scroll of fear {unknown}
 p - 2 scrolls of teleportation {unknown}
 s - 2 scrolls of immolation {unknown}
 u - 9 scrolls of identify {unknown}
 A - 2 scrolls of revelation {unknown}
 E - 2 scrolls of enchant armour {unknown}
 G - a scroll of brand weapon {unknown}
 I - a scroll of torment {unknown}
Potions
 c - 2 potions of invisibility {unknown}
 o - 3 potions of curing {unknown}
 v - 3 potions of lignification {unknown}
 w - a potion of enlightenment {unknown}
 x - 2 potions of brilliance {unknown}
 D - a potion of heal wounds {unknown}
 F - 5 potions of attraction {unknown}
 H - a potion of berserk rage {unknown}


   Skills:
 + Level 10.3 Fighting
 + Level 10.2 Axes
 + Level 9.9 Armour
 + Level 9.1 Dodging


You had 9 spell levels left.
You didn't know any spells.
Your spell library was empty.

Dungeon Overview and Level Annotations

Branches:
Dungeon (8/15) Zot: 26246  Temple (1/1) D:6 Zot: 5998 Ossuary (visited)
   Lair: D:8-11

Altars:
Ashenzari
Cheibriados
Elyvilon
Fedhas
Gozag
Kikubaaqudgha
Makhleb
Nemelex Xobeh
Okawaru
Qazlal
Sif Muna
Trog
Uskayaw
Vehumet
Xom
Yredelemnul
The Shining One

Shops:
D:7 =(   D:8 :

Annotations:
D:3 1 runed translucent door, Crazy Yiuf
D:4 1 runed translucent door, zazu2006's ghost, amateur GnWn


Innate Abilities, Weirdness & Mutations

You have a pair of horns on your head.
You reflexively headbutt those who attack you in melee.


Message History

A white imp comes into view.
The white ugly thing kicks you! The white ugly thing freezes you!!
There are monsters nearby!
A red film seems to cover your vision as you go berserk!
You feel yourself moving faster!
You feel mighty!
The white ugly thing kicks you but does no damage.
You slash the white ugly thing! You headbutt the white ugly thing!
The white ugly thing is heavily wounded.
You slash the white ugly thing!
Your headbutt misses the white ugly thing.
The white ugly thing is severely wounded.
The white ugly thing kicks you. The white ugly thing freezes you!!
You slash the white ugly thing! You headbutt the white ugly thing.
The white ugly thing is almost dead.
The white ugly thing kicks you but does no damage.
You slice the white ugly thing!!
You kill the white ugly thing!
Trog accepts your kill.
Your Dodging skill increases to level 9!
A white ugly thing comes into view.
A cyclops comes into view.
The white ugly thing gurgles horribly!
The cyclops shouts!
You hear an angry hiss.
You see here an ugly thing corpse.
You hit the white ugly thing but do no damage.
You barely miss the white ugly thing. The white ugly thing tail-slaps you.
The white ugly thing freezes you!!
* * * LOW HITPOINT WARNING * * *
You slice the white ugly thing!!
The white ugly thing is moderately wounded.
The white ugly thing misses you. You furiously retaliate!
You headbutt the white ugly thing! You slash the white ugly thing!
The white ugly thing is severely wounded.
You closely miss the white ugly thing.
The white ugly thing is severely wounded.
The white ugly thing tail-slaps you!
* * * LOW HITPOINT WARNING * * *
The white ugly thing freezes you!!
You die...

#### #...
#.!. #..##
#)..#
#...# #..#
##.@#
##..#u#
.#.
#..##5#
... #.##
#C #..
#.## .##.#
#..# ##..#
#.## #.#
#.##
##.#######
#..#
#..).....#


You could see a white ugly thing, a cyclops and a white imp.

Vanquished Creatures
  Amaemon (D:8)
  An ugly thing (D:8)
  Maurice (D:8)
  An orange demon (D:8)
  6 yaks (D:8)
  Grum (D:8)
  Duvessa (D:7)
  An ice beast (D:6)
  A sky beast (D:8)
  3 black bears
  An ogre (D:4)
  2 orc warriors
  2 centaurs
  2 wolves (D:8)
  2 phantoms
  A kobold brigand (D:7)
  6 bullfrogs
  8 wights
  Dowan (D:7)
  4 killer bees (D:7)
  4 howler monkeys
  4 hounds
  3 jellies
  3 orc priests
  2 gnoll boudas
  3 iguanas
  Terence (D:2)
  3 orc wizards
  3 mummies (Ossuary)
  10 adders
  7 gnolls
  A white imp (D:6)
  2 adder zombies (Ossuary)
  4 worms
  A dart slug (D:4)
  30 orcs
  6 ball pythons
  9 endoplasms
  2 giant cockroaches (D:1)
  7 goblins
  9 hobgoblins
  9 kobolds
  2 quokkas
  4 bats
  3 frilled lizards
  2 goblin zombies (Ossuary)
  A hobgoblin zombie (Ossuary)
  3 kobold zombies (Ossuary)
  An orc zombie (Ossuary)
  3 quokka zombies (Ossuary)
  5 rats
  6 rat zombies (Ossuary)
199 creatures vanquished.

Notes
Turn   | Place    | Note
-------+----------+-------------------------------------------
     0 | D:1      | Twinkles the Minotaur Berserker began the quest for the
                  | Orb.
     0 | D:1      | Reached XP level 1. HP: 19/19 MP: 0/0
    93 | D:1      | Reached XP level 2. HP: 27/27 MP: 1/1
   454 | D:1      | Reached ** piety under Trog
   712 | D:2      | Reached XP level 3. HP: 33/33 MP: 2/2
   843 | D:2      | Found an ancient bone altar of Kikubaaqudgha.
   967 | D:2      | Noticed Terence
   974 | D:2      | Killed Terence
   975 | D:2      | Reached XP level 4. HP: 29/41 MP: 3/3
  1446 | D:3      | Found a shimmering altar of Xom.
  1582 | D:3      | Found a runed translucent door.
  1583 | D:3      | Noticed Crazy Yiuf
  1874 | D:4      | Noticed an ogre
  1882 | D:4      | Killed an ogre
  1883 | D:4      | Reached skill level 5 in Fighting
  1883 | D:4      | Reached skill level 5 in Axes
  1883 | D:4      | Reached XP level 5. HP: 48/48 MP: 4/4
  1930 | D:3      | HP: 12/48 [poisoned by an orc]
  1935 | D:3      | Reached XP level 6. HP: 17/56 MP: 5/5
  1936 | D:3      | HP: 17/84 [poisoned by an orc]
  2189 | D:4      | Reached *** piety under Trog
  2200 | D:4      | Found a runed translucent door.
  2279 | D:4      | Noticed zazu2006's ghost (amateur GnWn)
  2316 | D:4      | Identified the +3 rapier "Pucemeal" {heavy, rF++ Dex+4}
  2493 | D:4      | Reached skill level 5 in Armour
  2493 | D:4      | Reached XP level 7. HP: 62/62 MP: 6/6
  2680 | D:5      | Entered Level 5 of the Dungeon
  3023 | D:5      | Reached skill level 5 in Dodging
  3445 | D:5      | Reached XP level 8. HP: 55/71 MP: 7/7
  3826 | D:6      | Reached **** piety under Trog
  3842 | D:6      | Found a sand-covered staircase.
  3889 | Ossuary  | Entered an ossuary
  4156 | D:6      | Found a staircase to the Ecumenical Temple.
  4474 | Temple   | Entered the Ecumenical Temple
  4530 | D:7      | Reached XP level 9. HP: 80/81 MP: 8/8
  4540 | D:7      | Found Niraaf's Jewellery Emporium.
  4560 | D:7      | Found Ilyth's Antique Weapon Boutique.
  4586 | D:7      | Found an iron altar of Okawaru.
  4747 | D:7      | Reached ***** piety under Trog
  4951 | D:7      | Noticed Duvessa
  4952 | D:7      | Noticed Dowan
  4967 | D:7      | Killed Duvessa
  4968 | D:7      | Killed Dowan
  5709 | D:8      | Reached XP level 10. HP: 87/91 MP: 9/9
  5711 | D:8      | Noticed Grum
  5722 | D:8      | Killed Grum
  5996 | D:8      | Found a broken altar of Ashenzari.
  6198 | D:8      | Found Mal Sos's Book Emporium.
  6235 | D:8      | Noticed Maurice
  6246 | D:8      | Killed Maurice
  6284 | D:8      | Noticed an orange demon
  6284 | D:8      | Noticed Amaemon
  6291 | D:8      | Killed Amaemon
  6292 | D:8      | Reached skill level 10 in Fighting
  6296 | D:8      | Killed an orange demon
  6297 | D:8      | Reached skill level 10 in Axes
  6339 | D:8      | Noticed a white ugly thing
  6344 | D:8      | Killed a white ugly thing
  6345 | D:8      | Noticed a white ugly thing
  6345 | D:8      | Noticed a cyclops
  6347 | D:8      | HP: 22/139 [white ugly thing (28)]
  6350 | D:8      | Demolished by a white ugly thing

Illustrated notes

Levels and vault maps discovered:
D:1:      scummos_arrival_simple_fountains, layout_loops_ring
D:2:      layout_basic, basic_altar, kennysheep_pointless_box, uniq_terence
D:3:      layout_basic, mainiacjoe_overflow_surrounded_room, grunt_ministairs_7,
          serial_bayou_ford_a, uniq_crazy_yiuf_cottage
D:4:      layout_rooms, ebering_ghost_reflecting_pool
D:5:      layout_basic
D:6:      layout_rooms, minmay_temple_entry_stoned_glass,
          nicolae_ossuary_entry_false_entrances
D:7:      hellmonk_crumbling_castle, layout_loops_ring,
          mainiacjoe_overflow_brackets, serial_shops, shop,
          nicolae_take_the_stairs, chequers_hall_statues_wall_a,
          kennysheep_windowed_goal, uniq_duvessa
D:8:      layout_basic, mainiacjoe_overflow_six_doors_small, marbit_many_paths,
          serial_shops, nicolae_shop_just_a_little_nook, grunt_ministairs_15,
          hex_intersection, minmay_manual_macuahuitl, uniq_amaemon, uniq_grum,
          uniq_maurice
Temple:   dpeg_chambers_temple

Skill      XL: |  1  2  3  4  5  6  7  8  9 10 |
---------------+-------------------------------+-----
Fighting       | 4 5 6 7 9 10 | 10.3
Axes           | 4 5 6 7 9 10 | 10.2
Armour         | 3 4 5 6 7 9 |  9.9
Dodging        | 3 4 5 6 8 9 |  9.1

Action                     |  1- 3 |  4- 6 |  7- 9 | 10-12 || total
---------------------------+-------+-------+-------+-------++-------
  Melee: Hand axe          |    63 |    97 |     3 |       ||   163
         Headbutt          |     9 |    17 |    54 |    11 ||    91
         Punch             |     1 |     1 |       |     1 ||     3
         Whip              |       |       |    93 |       ||    93
         War axe           |       |       |   170 |    53 ||   223
 Invoke: Berserk           |       |     2 |     2 |     2 ||     6
         Trog's Hand       |       |     1 |       |     1 ||     2
 Armour: Animal skin       |     5 |       |       |       ||     5
         Ring mail         |    15 |       |       |       ||    15
         Scale mail        |     2 |    42 |   135 |    23 ||   202
  Dodge: Dodged            |    27 |    69 |   211 |    36 ||   343

Table legend: (Time is in decaauts)
 A = Elapsed time spent in this place.
 B = Non-inter-level travel time spent in this place.
 C = Inter-level travel time spent in this place.
 D = Time resting spent in this place.
 E = Time spent auto-exploring this place.
 F = Levels seen in this place.
 G = Mean time per level.
                   A        B        C        D        E       F      G
               +--------+--------+--------+--------+--------+-----+--------+
         Total |   6433 |   5989 |    444 |    195 |   4622 |  10 |  643.3 |
       Dungeon |   6289 |   5845 |    444 |    195 |   4553 |   8 |  786.1 |
        Temple |      1 |      1 |      0 |      0 |      0 |   1 |    1.0 |
       Ossuary |    142 |    142 |      0 |      0 |     69 |   1 |  142.0 |
               +--------+--------+--------+--------+--------+-----+--------+

Top non-repeatable levels by time:
     D:7: 1132 daAuts
     D:5: 1119 daAuts
     D:3: 903 daAuts
     D:8: 753 daAuts
     D:1: 705 daAuts
     D:4: 663 daAuts
     D:6: 557 daAuts
     D:2: 454 daAuts
 Ossuary: 142 daAuts
  Temple: 1 daAuts
